 Dungeon Crawl Stone Soup version 0.20-a0-540-ge6d1839 (webtiles) character file.

53423 M4edhros the Covert (level 14, -1/101 HPs)
             Began as an Octopode Artificer on Jan 30, 2017.
             Was the Champion of Yredelemnul.
             Slain by a spiny frog (25 damage)
             ... on level 3 of the Lair of Beasts on Jan 31, 2017.
             The game lasted 00:58:53 (18163 turns).

M4edhros the Covert (Octopode Artificer)           Turns: 18163, Time: 00:58:53

Health: -1/101     AC:  7    Str: 14    XL:     14   Next: 68%
Magic:  32/32      EV: 22    Int: 15    God:    Yredelemnul [******]
Gold:   2357       SH:  6    Dex: 18    Spells: 13/13 levels left

rFire    + . .     SeeInvis .   e - +10 dagger of Agony {protect, rC+ rN+}
rCold    + + .     Gourm    .   l - +0 buckler {AC+3}
rNeg     + . .     Faith    +   S - +2 hat
rPois    .         Spirit   .   m - amulet of faith
rElec    +         Reflect  .   j - ring of protection from fire
rCorr    .         Harm     .   s - ring of stealth
MR       +....     Rnd*Rage +   X - +5 ring of strength
Stlth    +++++++++.             H - ring of protection from fire
Regen    0.3/turn               U - ring of magical power
                                z - ring of ice
                                c - ring of stealth
                                (no ring)

@: lethally poisoned (-1 -> -7)
A: almost no armour, stealthy swim, amphibious, 8 rings, constrict 8, antennae
1, beak, rugged brown scales 1, camouflage 2, berserk 1, blink, blurry vision 1,
clever 1, electricity resistance, weak 1, gelatinous body 1
a: Blink, Recall Undead Slaves, Injury Mirror, Animate Dead, Drain Life, Enslave
Soul, Renounce Religion


You were on level 3 of the Lair of Beasts.
You worshipped Yredelemnul.
Yredelemnul was exalted by your worship.
You were not hungry.

You visited 4 branches of the dungeon, and saw 21 of its levels.
You also visited: Volcano.

You collected 2507 gold pieces.
You spent 150 gold pieces at shops.

Inventory:

Hand Weapons
 e - the +10 dagger of Agony (weapon) {protect, rC+ rN+}
   (You found it on level 8 of the Dungeon)

   It protects the one who uses it against injury (+AC on strike).
   It protects you from cold.
   It protects you from negative energy.
 w - a +0 quick blade of flaming
 N - the +1 spear of the Magi {venom, +Fly Dex+7 SInv}
   (You found it on level 4 of the Dungeon)

   It poisons the flesh of those it strikes.
   It affects your dexterity (+7).
   It lets you see invisible.
   It lets you fly.
Missiles
 k - 499 stones (quivered)
 n - 92 sling bullets
Armour
 l - a +0 buckler of protection (worn)
 S - a +2 hat (worn)
Jewellery
 c - a ring of stealth (on tentacle)
 j - a ring of protection from fire (left tentacle)
 m - an amulet of faith (around mantle)
 s - a ring of stealth (right tentacle)
 z - a ring of ice (on tentacle)
 H - a ring of protection from fire (on tentacle)
 U - a ring of magical power (on tentacle)
 X - a +5 ring of strength (on tentacle)
Wands
 b - a wand of confusion (23/48)
 i - a wand of scattershot (6/9)
 A - a wand of confusion (23/48)
 M - a wand of iceblast (1/15)
 O - a wand of paralysis (5/24)
 P - a wand of digging (8/24)
 Q - a wand of paralysis (9/24)
 R - a wand of iceblast (3/15)
 V - a wand of acid (8/15)
 W - a wand of scattershot (4/9)
 Z - a wand of confusion (17/48)
Scrolls
 a - 4 scrolls of recharging
 d - a scroll of blinking
 p - 4 scrolls of enchant armour
 q - 3 scrolls of teleportation
 y - 3 scrolls of magic mapping
 B - a scroll of remove curse
 E - 2 scrolls of identify
 G - 2 scrolls of fear
Potions
 g - a potion of invisibility
 h - 2 potions of heal wounds
 r - 7 potions of agility
 u - a potion of berserk rage
 x - 4 potions of haste
 D - 6 potions of lignification
 I - a potion of magic
 K - 3 potions of curing
 Y - a potion of might
Miscellaneous
 o - a box of beasts
Comestibles
 f - 12 bread rations
 t - 11 meat rations
 v - 2 royal jellies
 C - 21 fruits


   Skills:
 + Level 10.2 Fighting
 - Level 1.0 Short Blades
 - Level 5.0 Polearms
   Level 5.3 Slings
 * Level 11.7 Dodging
 - Level 14.7 Stealth
 - Level 6.1 Shields
 + Level 12.3 Invocations
 - Level 10.0 Evocations


You had 13 spell levels left.
You didn't know any spells.

Dungeon Overview and Level Annotations

Branches:
Dungeon (15/15)            Temple (1/1) D:6            Lair (3/6) D:8
  Snake (0/4) Lair:2          Orc (2/2) D:11            Elf (0/3) Orc:2
 Vaults (0/5) D:13         Depths (0/5) D:15
  Swamp: Lair:2-4    Shoals: Lair:2-4

Altars:
Ashenzari
Cheibriados
Dithmenos
Elyvilon
Fedhas
Gozag
Hepliaklqana
Kikubaaqudgha
Makhleb
Nemelex Xobeh
Okawaru
Qazlal
Ru
Sif Muna
Trog
Uskayaw
Vehumet
Xom
Yredelemnul
Zin
The Shining One
Beogh

Shops:
D:6 (**   D:7 :   D:8 }   D:15 (   Orc:2 *%:[

Portals:
Pandemonium: Orc:2


Innate Abilities, Weirdness & Mutations

You cannot wear most types of armour.
You are very stealthy in the water. (Stealth+)
You are amphibious.
You can wear up to eight rings at the same time.
You can use your tentacles to constrict eight enemies at once.
Your skin blends seamlessly with your surroundings (Stealth++).
Your rubbery body absorbs attacks. (AC +1, EV +1)
You have a pair of small antennae on your head.
You have a beak for a mouth.
You are partially covered in rugged brown scales. (AC +1, +3% HP)
You tend to lose your temper in combat.
You can translocate small distances at will.
Scrolls take you a little longer to read.
Your mind is acute. (Int +2)
You are resistant to electric shocks. (rElec)
You are weak. (Str -2)


Message History

Gang up on whom?
Press: ? - help, Dir - move target cursor, f - yak
Aim: a yak Attack!
You feel sick.
A spiny frog comes into view.
You feel sick.
Your flayed ghost cries, "Feel what I felt!"
Terrible wounds open up all over the yak's body!
The yak gores your bone dragon!
You feel sick. You block the spiny frog's attack.
A yak comes into view.
You feel sick. The spiny frog completely misses you.
You block the spiny frog's attack.
Your bone dragon bites the yak!!
Your bone dragon claws the yak!
The yak dies!
Yredelemnul accepts your kill.
A yak comes into view.
You feel sick.
Your flayed ghost hits the yak!
The spiny frog stings you!!
You die...
Your body rises from the dead as a mindless zombie.

. ..............#{ H#
#.8.#...........## ...
###.##............##
#YY.#..................#
....##.................+
...Y#D.................
#DW.z................
#nV................
#.@..............#.
#F...............##
#.................#.
....................##
.....................##
......................##
........................
........................
................


You could see a hippogriff, 3 yaks, a spiny frog, 2 friendly bone dragons, a
friendly ghoul, a friendly skeletal warrior, a friendly flayed ghost and a
friendly vampire.

Vanquished Creatures
  Azrael (D:12)
  A hydra (Lair:1)
  Harold (Lair:2)
  Erica (D:8)
  2 centaur warriors
  4 two-headed ogres
  2 orc high priests (Orc:2)
  2 skeletal warriors (Volcano)
  A death drake (shapeshifter) (D:15)
  2 unseen horrors
  A glowing orange brain (D:15)
  A wolf spider zombie (D:13)
  2 anaconda skeletons (Volcano)
  A deep elf mage (D:13)
  3 orc knights (Orc:2)
  3 orc sorcerers (Orc:2)
  2 centaur zombies
  An ugly thing (D:15)
  5 gargoyles (Volcano)
  5 porcupines
  A tengu conjurer (D:14)
  3 meliai (D:13)
  A queen bee (D:13)
  2 hornets
  A harpy skeleton (Volcano)
  3 blink frogs (Lair:1)
  2 hippogriffs
  2 flying skulls (Volcano)
  4 yaks
  2 wraiths (D:14)
  A basilisk (D:8)
  A wyvern (D:13)
  A hungry ghost (D:11)
  A warg (Orc:2)
  A soldier ant (D:12)
  4 water moccasins
  A hell hound (D:12)
  15 orc warriors
  4 black bears
  3 sky beasts
  A phantom (D:7)
  3 ice beasts
  6 ogres
  A necrophage (D:11)
  3 wolves
  4 centaurs
  A crocodile (Lair:1)
  2 big kobolds (D:11)
  5 bullfrogs
  5 scorpions
  13 killer bees
  2 spriggan skeletons (Volcano)
  2 troll skeletons (Volcano)
  10 howler monkeys
  6 crimson imps
  4 jellies
  14 orc wizards
  A bullfrog skeleton (D:12)
  16 orc priests
  3 centaur skeletons
  A hound (D:6)
  An iron imp (D:8)
  3 iguanas
  11 worker ants
  3 hell rats (Lair:3)
  A killer bee zombie (D:7)
  2 naga skeletons (Volcano)
  2 hound zombies
  A worker ant zombie (D:11)
  Robin (D:4)
  A howler monkey skeleton (D:11)
  A howler monkey zombie (D:5)
  10 gnolls
  7 adders
  3 river rats (Lair:3)
  2 shadow imps
  2 oozes
  2 adder zombies
  An adder skeleton (D:9)
  5 worms
  A dart slug (D:1)
  9 leopard geckos
  57 orcs
  10 bats
  6 giant cockroaches
  16 goblins
  4 hobgoblins
  18 jackals
  6 quokkas
  A ball python (D:3)
  5 frilled lizards
  8 kobolds
  A leopard gecko skeleton (D:9)
  3 quokka skeletons
  A quokka zombie (D:9)
  15 rats
  A plant (D:10)
418 creatures vanquished.

Vanquished Creatures (collateral kills)
  Josephine (D:14)
  3 hydras
  2 two-headed ogres
  A catoblepas (D:13)
  4 centaur warriors
  An ogre mage (D:13)
  2 tengu warriors
  3 orc high priests (Orc:2)
  A sun demon (Orc:2)
  2 slime creatures (D:15)
  A soul eater (Orc:2)
  An unseen horror (D:15)
  A deep elf archer (D:13)
  A torturous demonspawn (Orc:2)
  2 anaconda skeletons (Volcano)
  2 orc knights
  A deep elf mage (D:13)
  11 ugly things
  3 orc sorcerers (Orc:2)
  4 oklob plants
  2 cyclopes
  An elephant (shapeshifter) (D:15)
  An orange demon (Orc:2)
  3 kobold demonologists
  An efreet (D:14)
  3 spiny frogs (Lair:3)
  4 yaktaurs
  A komodo dragon (D:13)
  2 hellwings (Orc:2)
  A tengu conjurer (D:13)
  7 trolls
  A hornet (D:15)
  4 hippogriffs
  3 wraiths (D:14)
  9 yaks
  A wyvern (Lair:1)
  A basilisk (Lair:2)
  5 fire elementals (D:12)
  A hungry ghost (D:9)
  3 nagas (Lair:2)
  A porcupine (Lair:2)
  A water moccasin (D:10)
  2 ice beasts
  3 eyes of draining
  23 orc warriors
  A sky beast (D:13)
  A black bear (D:8)
  9 ogres
  2 centaurs
  4 wolves (Lair:2)
  4 crocodiles
  2 big kobolds
  5 bullfrogs
  A scorpion (D:8)
  8 killer bees
  2 howler monkeys
  2 bullfrog zombies (D:12)
  3 hounds
  A quasit (D:9)
  3 jellies
  11 orc priests
  8 orc wizards
  3 centaur skeletons
  Jessica (D:3)
  3 worker ants
  A worker ant zombie (D:10)
  An adder (D:10)
  3 gnolls (Orc:1)
  2 shadow imps
  38 orcs
  2 goblins (D:2)
  3 kobolds
  2 rats
  2 fungi
  3 plants (Lair:2)
262 creatures vanquished.

Vanquished Creatures (others)
  3 skeletal warriors
  3 phantasmal warriors
  An ugly thing skeleton (D:15)
  A centaur zombie (D:13)
  A hydra zombie (D:13)
  5 flying skulls
  A vampire (Orc:2)
  3 wraiths
  A wolf (D:8)
  An orc warrior (Orc:2)
  A crocodile (D:8)
  A komodo dragon zombie (D:13)
  A yaktaur zombie (D:13)
  A hell hound zombie (D:12)
  3 wights
  A yak zombie (D:11)
  2 killer bees (D:13)
  A yak skeleton (D:11)
  A wolf zombie (D:8)
  An orc wizard (D:7)
  A crocodile zombie (D:8)
  An ogre zombie (D:8)
  A mummy (D:10)
  An adder (D:2)
  2 kobold zombies (D:13)
  4 orc zombies
  18 plants
61 creatures vanquished.

Grand Total: 741 creatures vanquished

Notes
Turn   | Place    | Note
-------+----------+-------------------------------------------
     0 | D:1      | M4edhros the Octopode Artificer began the quest for the Orb.
     0 | D:1      | Reached XP level 1. HP: 13/13 MP: 3/3
    68 | D:1      | Reached skill level 2 in Stealth
   126 | D:1      | Reached skill level 3 in Stealth
   126 | D:1      | Reached XP level 2. HP: 12/18 MP: 4/4
   274 | D:1      | You fall through a shaft!
   328 | D:3      | Noticed Jessica
   331 | D:3      | Gained mutation: Your body sometimes deteriorates upon taking damage. [potion of mutation]
   331 | D:3      | Gained mutation: You are partially covered in icy blue scales. (AC +2) [potion of mutation]
   331 | D:3      | Gained mutation: Your body often deteriorates upon taking damage. [potion of mutation]
   352 | D:3      | Killed Jessica
   352 | D:3      | Reached skill level 4 in Stealth
   352 | D:3      | Reached XP level 3. HP: 21/23 MP: 5/5
   360 | D:3      | Reached skill level 5 in Stealth
   664 | D:3      | Reached XP level 4. HP: 10/28 MP: 6/6
   753 | D:4      | Reached skill level 6 in Stealth
   784 | D:4      | Reached XP level 5. HP: 25/33 MP: 7/7
   826 | D:4      | Found a radiant altar of Vehumet.
   826 | D:4      | Found a burning altar of Makhleb.
   842 | D:4      | Reached skill level 7 in Stealth
   988 | D:5      | Entered Level 5 of the Dungeon
   988 | D:5      | Noticed an ogre
   991 | D:5      | Killed an ogre
   991 | D:5      | Reached skill level 8 in Stealth
   991 | D:5      | Reached XP level 6. HP: 38/38 MP: 8/8
  1001 | D:5      | Found a hide-covered altar of Uskayaw.
  1002 | D:5      | Noticed a dagger
  1002 | D:5      | Noticed a dagger
  1098 | D:5      | Reached skill level 9 in Stealth
  1154 | D:5      | Reached skill level 10 in Stealth
  1154 | D:5      | Reached XP level 7. HP: 32/43 MP: 9/9
  1730 | D:6      | Reached skill level 11 in Stealth
  1770 | D:6      | Found Kuepnih's Antique Weapon Boutique.
  1809 | D:6      | Found a staircase to the Ecumenical Temple.
  1927 | D:6      | Found Tuymnusk's Assorted Antiques.
  1945 | Temple   | Entered the Ecumenical Temple
  2037 | Temple   | Became a worshipper of Yredelemnul the Dark
  2186 | D:4      | Reached skill level 1 in Slings
  2210 | D:3      | Found an iron altar of Okawaru.
  2447 | D:2      | Found a sparkling altar of Nemelex Xobeh.
  2519 | D:2      | Found a blossoming altar of Fedhas.
  2725 | D:2      | Found a hazy altar of Hepliaklqana.
  2726 | D:2      | Reached * piety under Yredelemnul
  2727 | D:2      | Found a shimmering altar of Xom.
  2727 | D:2      | Noticed a tentacled monstrosity
  2728 | D:2      | Noticed a tentacled monstrosity
  2728 | D:2      | Noticed a spectral ugly thing
  3508 | D:1      | Reached XP level 8. HP: 43/48 MP: 10/10
  3937 | D:3      | Found a bloodstained altar of Trog.
  4144 | D:3      | Reached ** piety under Yredelemnul
  4546 | D:4      | Noticed Robin
  4564 | D:4      | Killed Robin
  4765 | D:4      | Got an ancient spear
  4766 | D:4      | Identified the cursed +1 spear of the Magi {venom, +Fly Dex+7 SInv} (You found it on level 4 of the Dungeon)
  4987 | D:4      | Reached *** piety under Yredelemnul
  5525 | D:6      | Found Waegoblo's Assorted Antiques.
  5533 | D:6      | Bought an ancient ivory ring for 150 gold pieces
  5533 | D:6      | Identified the ring "Cogoacw" {rPois rN+ Str-5 Int+3} (You bought it in a shop on level 6 of the Dungeon)
  5873 | D:6      | Reached XP level 9. HP: 50/57 MP: 12/12
  5952 | D:6      | Gained mutation: Your magical capacity is low. (-10% MP) [mutagenic meat]
  5953 | D:6      | Gained mutation: You can translocate small distances at will. [mutagenic meat]
  5954 | D:6      | Lost mutation: Your body often deteriorates upon taking damage. [mutagenic meat]
  5955 | D:6      | Lost mutation: You can translocate small distances at will. [mutagenic meat]
  5956 | D:6      | Gained mutation: Your muscles are strong. (Str +2) [mutagenic meat]
  5957 | D:6      | Gained mutation: You are occasionally teleported next to monsters. [mutagenic meat]
  6037 | D:6      | Reached **** piety under Yredelemnul
  6390 | D:7      | Reached skill level 5 in Slings
  6416 | D:7      | Reached skill level 12 in Stealth
  6420 | D:7      | Reached skill level 1 in Invocations
  6422 | D:7      | Noticed a hornet
  6430 | D:7      | Killed a hornet
  6430 | D:7      | Reached skill level 5 in Evocations
  7185 | D:7      | Found Ataumot's Book Shop.
  7277 | D:8      | Found a staircase to the Lair.
  7312 | D:8      | Killed a porcupine
  7312 | D:8      | Reached XP level 10. HP: 49/65 MP: 12/12
  7312 | D:8      | Reached skill level 5 in Dodging
  7321 | D:8      | Noticed a two-headed ogre
  7329 | D:8      | Reached skill level 5 in Fighting
  7333 | D:8      | Killed a two-headed ogre
  7333 | D:8      | Reached skill level 5 in Invocations
  7333 | D:8      | Received a gift from Yredelemnul (a wight)
  7385 | D:8      | Reached ***** piety under Yredelemnul
  7457 | D:8      | Identified a scroll of acquirement
  7475 | D:8      | Noticed Erica
  7643 | D:8      | Killed Erica
  7643 | D:8      | Reached skill level 1 in Shields
  7687 | D:8      | Found an opulent altar of Gozag.
  7772 | D:8      | Found a snail-covered altar of Cheibriados.
  7889 | D:8      | Found Neegosib's Gadget Shop.
  7909 | D:8      | Found a snail-covered altar of Cheibriados.
  7971 | D:8      | Found a stormy altar of Qazlal.
  8019 | D:9      | Reached skill level 13 in Stealth
  8119 | D:9      | Noticed an unseen horror
  8130 | D:9      | Killed an unseen horror
  8141 | D:9      | Received a gift from Yredelemnul (2 flying skulls)
  8239 | D:9      | Reached XP level 11. HP: 66/72 MP: 12/14
  8269 | D:9      | Received a gift from Yredelemnul (a mummy)
  8271 | D:9      | Noticed a two-headed ogre
  8277 | D:9      | Killed a two-headed ogre
  8402 | D:9      | Received a gift from Yredelemnul (a wight)
  8933 | D:9      | Received a gift from Yredelemnul (a wraith)
  8991 | D:9      | Noticed a two-headed ogre
  8998 | D:9      | Killed a two-headed ogre
  9191 | D:10     | Entered Level 10 of the Dungeon
  9511 | D:10     | Received a gift from Yredelemnul (a wight)
  9686 | D:10     | Found a shattered altar of Ashenzari.
  9686 | D:10     | Noticed an oklob plant
  9695 | D:10     | Killed an oklob plant
 10062 | D:11     | Noticed a brown ugly thing
 10070 | D:11     | Received a gift from Yredelemnul (a phantasmal warrior)
 10071 | D:11     | Reached skill level 5 in Shields
 10074 | D:11     | Killed a brown ugly thing
 10078 | D:11     | Gained mutation: You have very sharp teeth. [mutagenic meat]
 10079 | D:11     | Lost mutation: Your muscles are strong. (Str +2) [mutagenic meat]
 10080 | D:11     | Lost mutation: Your body sometimes deteriorates upon taking damage. [mutagenic meat]
 10118 | D:11     | Noticed a cyclops
 10191 | D:11     | Killed a cyclops
 10340 | D:11     | Noticed a sixfirhy
 10400 | D:11     | Found a roughly hewn altar of Beogh.
 10400 | D:11     | Found a staircase to the Orcish Mines.
 10402 | D:11     | Noticed a two-headed ogre
 10410 | D:11     | Reached ****** piety under Yredelemnul
 10413 | D:11     | Killed a two-headed ogre
 10470 | D:11     | Reached XP level 12. HP: 74/79 MP: 16/16
 10836 | D:12     | Noticed Azrael
 10970 | D:12     | You fall through a shaft for 3 floors!
 10970 | D:15     | Entered Level 15 of the Dungeon
 11013 | D:15     | Reached skill level 14 in Stealth
 11014 | D:15     | Received a gift from Yredelemnul (a wraith)
 11018 | D:15     | Gained mutation: Your flesh is heat resistant. (rF+) [mutagenic meat]
 11098 | D:15     | Noticed a five-headed hydra
 11107 | D:15     | Killed a five-headed hydra
 11218 | D:14     | Noticed Josephine
 11244 | D:14     | Killed Josephine
 11304 | D:14     | Received a gift from Yredelemnul (a skeletal warrior)
 11418 | D:13     | Noticed a catoblepas
 11426 | D:13     | Noticed an eight-headed hydra
 11429 | D:13     | Killed a catoblepas
 11441 | D:13     | Killed an eight-headed hydra
 11833 | D:13     | Noticed a centaur warrior
 11843 | D:13     | Killed a centaur warrior
 11863 | D:13     | Lost mutation: Your flesh is heat resistant. (rF+) [potion of cure mutation]
 11863 | D:13     | Lost mutation: Your magical capacity is low. (-10% MP) [potion of cure mutation]
 11863 | D:13     | Lost mutation: You are partially covered in icy blue scales. (AC +2) [potion of cure mutation]
 11864 | D:13     | Lost mutation: You are occasionally teleported next to monsters. [potion of cure mutation]
 11864 | D:13     | Lost mutation: You have very sharp teeth. [potion of cure mutation]
 11882 | D:13     | Noticed a centaur warrior
 11891 | D:13     | Killed a centaur warrior
 12000 | D:13     | Noticed a centaur warrior
 12007 | D:13     | Killed a centaur warrior
 12007 | D:13     | Reached skill level 10 in Invocations
 12038 | D:13     | Noticed an ogre mage
 12044 | D:13     | Killed an ogre mage
 12045 | D:13     | Noticed a two-headed ogre
 12047 | D:13     | Killed a two-headed ogre
 12050 | D:13     | Noticed a tengu warrior
 12059 | D:13     | Killed a tengu warrior
 12071 | D:13     | Reached XP level 13. HP: 40/87 MP: 20/20
 12168 | D:13     | Gained mutation: You are weak. (Str -2) [mutagenic meat]
 12169 | D:13     | Gained mutation: Your skin blends seamlessly with your surroundings (Stealth++). [mutagenic meat]
 12321 | D:13     | Gained mutation: You can translocate small distances at will. [mutagenic meat]
 12322 | D:13     | Gained mutation: Your spells are a little easier to cast, but a little less powerful. [mutagenic meat]
 12323 | D:13     | Lost mutation: Your spells are a little easier to cast, but a little less powerful. [mutagenic meat]
 12324 | D:13     | Gained mutation: One of your tentacles bears a spike. [mutagenic meat]
 12325 | D:13     | Gained mutation: You are partially covered in rugged brown scales. (AC +1, +3% HP) [mutagenic meat]
 12419 | D:13     | Found a gate to the Vaults.
 12558 | D:13     | Received a gift from Yredelemnul (2 flying skulls)
 13347 | D:15     | Received a gift from Yredelemnul (a skeletal warrior)
 13372 | D:15     | Gained mutation: You have a pair of small antennae on your head. [mutagenic meat]
 13374 | D:15     | Gained mutation: You are resistant to electric shocks. (rElec) [mutagenic meat]
 13375 | D:15     | Gained mutation: You have a beak for a mouth. [mutagenic meat]
 13527 | D:15     | Found Gaeneps's Antique Weapon Shop.
 13565 | D:15     | Found a staircase to the Depths.
 13579 | D:15     | Received a gift from Yredelemnul (a skeletal warrior)
 13598 | D:15     | Lost mutation: One of your tentacles bears a spike. [mutagenic meat]
 13599 | D:15     | Gained mutation: You tend to lose your temper in combat. [mutagenic meat]
 13600 | D:15     | Gained mutation: Scrolls take you a little longer to read. [mutagenic meat]
 13642 | D:15     | Gained mutation: Your mind is acute. (Int +2) [mutagenic meat]
 14047 | D:12     | Killed Azrael
 14047 | D:12     | Reached skill level 10 in Evocations
 14047 | D:12     | Received a gift from Yredelemnul (a flayed ghost)
 14213 | D:12     | Reached skill level 1 in Polearms
 14521 | Orc:1    | Entered Level 1 of the Orcish Mines
 14576 | Orc:1    | Received a gift from Yredelemnul (a phantasmal warrior)
 14749 | Orc:2    | Entered Level 2 of the Orcish Mines
 14764 | Orc:2    | Received a gift from Yredelemnul (a ghoul)
 14816 | Orc:2    | Received a gift from Yredelemnul (a wraith)
 14818 | Orc:2    | Found Ziusm's General Store.
 14827 | Orc:2    | Reached skill level 10 in Dodging
 14836 | Orc:2    | Found Ciluv's Food Boutique.
 14977 | Orc:2    | Found a staircase to the Elven Halls.
 15263 | Orc:2    | Received a gift from Yredelemnul (a vampire)
 15282 | Orc:2    | Reached XP level 14. HP: 99/99 MP: 8/22
 15302 | Orc:2    | Received a gift from Yredelemnul (a bone dragon)
 15335 | Orc:2    | Received a gift from Yredelemnul (a skeletal warrior)
 15342 | Orc:2    | Found Zurphua's Antique Armour Emporium.
 15342 | Orc:2    | Found a one-way gate leading to the halls of Pandemonium.
 15342 | Orc:2    | Found Zatah's Book Shoppe.
 15650 | Orc:2    | Reached skill level 5 in Polearms
 15750 | D:8      | Got an ancient dagger
 15751 | D:8      | Identified the +10 dagger of Agony {protect, rC+ rN+} (You found it on level 8 of the Dungeon)
 15781 | Lair:1   | Entered Level 1 of the Lair of Beasts
 16535 | Lair:2   | Found a dark tunnel.
 16542 | Volcano  | Entered a volcano
 16823 | Volcano  | Received a gift from Yredelemnul (a bone dragon)
 16878 | Volcano  | Reached skill level 10 in Fighting
 17039 | Volcano  | Received a gift from Yredelemnul (a phantasmal warrior)
 17344 | Lair:2   | Noticed Harold
 17351 | Lair:2   | Killed Harold
 17475 | Lair:2   | Found a staircase to the Snake Pit.
 18066 | Lair:3   | Received a gift from Yredelemnul (a vampire)
 18163 | Lair:3   | Slain by a spiny frog

Vault maps used:
D:1:      sevenhm_arrival_forest_fort_large_4
D:2:      cheibrodos_helix_gallery, regret_index_temple_of_mockery,
          nemelex_xobeh_ov_fountains_minmay, fedhas_altar_1
D:3:      nicolae_overflow_hidden_temple, bloody_trog, uniq_jessica
D:4:      grunt_temple_overflow_lords_of_destruction, first_bread, uniq_robin
D:5:      kennysheep_spiral_hall, dancing_weapons_uskayaw
D:6:      minmay_temple_entry_grid, serial_shops, shop,
          nicolae_shop_behind_doors, nicolae_shop_crystal, patterned_corridor
D:7:      serial_shops, nicolae_shop_behind_doors, grunt_ogre_cave
D:8:      slow_altar_1, nicolae_qazlal_eye_of_the_storm,
          minmay_lair_entry_grove, basic_altar, serial_shops, shop,
          cheibriados_altar_1, uniq_erica
D:9:      hangedman_cross_stitches
D:10:     lemuel_oklob_altar
D:11:     david_orc_5
D:12:     uniq_azrael
D:13:     hangedman_vaults_entry_quadrant_bands, nicolae_two_hexagons,
          nicolae_looking_at_the_future
D:14:     hangedman_abyss_or_decor_clamps, uniq_josephine
D:15:     gammafunk_enter_depths_forms, minmay_misc_feat_rows, serial_shops,
          nicolae_shop_behind_doors
Temple:   zaba_magenta_temple
Lair:1:   lemuel_fruit_tree, infiniplex_staircase_pool_2
Lair:2:   minmay_snake_entry_guardpost_small, nicolae_volcano_entry_s_turn,
          minmay_lair_oklob_chamber, uniq_harold
Lair:3:   swamp_mist_pool, kennysheep_abandoned_house, grunt_megastairs_1
Orc:1:    basic_altar
Orc:2:    pf_orc_diabolical
Volcano:  volcano_tomb

Skill      XL: |  1  2  3  4  5  6  7  8  9 10 11 12 13 14 |
---------------+-------------------------------------------+-----
Stealth        | 3 4 5 6 8 10 11 12 13 14 | 14.7
Slings         | 1 4 5 |  5.3
Dodging        | 3 4 5 6 7 10 11 | 11.7
Fighting       | 3 4 6 8 9 10 | 10.2
Evocations     | 4 5 6 7 9 10 | 10.0
Invocations    | 3 6 8 10 11 12 | 12.3
Shields        | 3 6 |  6.1
Polearms       | 3 5 |  5.0
Short Blades   | |  1.0

Action                   |  1- 3 |  4- 6 |  7- 9 | 10-12 | 13-15 || total
-------------------------+-------+-------+-------+-------+-------++-------
Melee: Short sword       |    33 |       |       |       |       ||    33
       Constrict         |    11 |     6 |    89 |    76 |    72 ||   254
       Tentacles         |     8 |     9 |    95 |   121 |   128 ||   361
       Dagger            |     7 |    30 |   203 |       |   123 ||   363
       Spear             |       |       |   212 |   416 |   323 ||   951
       Bite              |       |       |       |    32 |       ||    32
       Kick              |       |       |       |       |    48 ||    48
       Peck              |       |       |       |       |    90 ||    90
 Fire: Hunting sling     |     3 |       |       |       |       ||     3
Invok: Animate Dead      |       |       |       |     9 |     5 ||    14
       Recall Undead Sla |       |       |       |     7 |    11 ||    18
       Drain Life        |       |       |       |     4 |    11 ||    15
 Abil: Blink             |       |       |       |       |     1 ||     1
Evoke: Wand              |    12 |     1 |    30 |    26 |    20 ||    89
  Use: Potion            |     4 |       |       |     7 |     3 ||    14
       Scroll            |     1 |     2 |    13 |    12 |     9 ||    37
 Stab: Sleeping          |     1 |     4 |    52 |    60 |    40 ||   157
       Distracted        |       |       |     4 |     8 |    13 ||    25
       Confused          |       |       |     3 |     1 |       ||     4
  Eat: Chunk             |       |     1 |    24 |    20 |    29 ||    74
       Royal jelly       |       |       |       |     3 |     2 ||     5
       Bread ration      |       |       |       |       |     2 ||     2
Armor: Skin              |    37 |     1 |    52 |    43 |    45 ||   178
Dodge: Dodged            |    10 |    15 |   220 |   216 |   273 ||   734
Block: Buckler           |       |       |       |    69 |   114 ||   183
